 Dungeon Crawl Stone Soup version 0.27-b1-23-g44b8eac545 (webtiles) character file.

Game seed: 2730511587935700095

1363 sixthgate the Ducker (level 8, -5/65 HPs)
             Began as a Gnoll Gladiator on July 27, 2021.
             Was a Follower of Ashenzari.
             Killed from afar by a steam dragon (11 damage)
             ... with a ball of steam
             ... on level 7 of the Dungeon.
             The game lasted 00:11:34 (6916 turns).

sixthgate the Ducker (Gnoll Gladiator)              Turns: 6916, Time: 00:11:35

Health: -5/65      AC:  6    Str: 15    XL:     8   Next: 64%
Magic:  14/14      EV: 14    Int: 15    God:    Ashenzari [*.....]
Gold:   150        SH:  0    Dex: 13    Spells: 15/15 levels left

rFire    . . .     SeeInvis .   a - +0 long sword "Eternal Oracle" {Alch, Self} (curse)
rCold    . . .     Faith    .   (no shield)
rNeg     . . .     Spirit   .   b - +0 leather armour
rPois    .         Reflect  .   c - +2 helmet "Oscillating Fan" {Fort, Alch} (curse)
rElec    .         Harm     .   (no cloak)
rCorr    .         Rampage  .   (no gloves)
Will     .....                  (no boots)
Stlth    ++........             (no amulet)
HPRegen  0.20/turn              o - +6 ring of intelligence
MPRegen  0.14/turn              (no ring)

@: no status effects
A: fangs 1, strong nose, distributed training
a: Renounce Religion, Shatter the Chains


You were on level 7 of the Dungeon.
You worshipped Ashenzari.
Ashenzari was aware of your devotion.
You visited 2 branches of the dungeon, and saw 8 of its levels.

You collected 402 gold pieces.
You spent 252 gold pieces at shops.

Inventory:

Hand Weapons
 a - the cursed +0 long sword "Eternal Oracle" (weapon) {Alch, Self}

   It has a curse which improves the following skills: Alchemy: Poison Magic and
   Transmutations.
   Introspection: Fighting and Spellcasting.
 h - a +0 dagger of pain
 l - the +0 rapier of Freezing Gallantry {freeze, rF+ Stlth+}
   (You bought it in a shop on level 1 of the Dungeon)

   It freezes those it strikes, dealing additional cold damage.
   It can also slow down cold-blooded creatures.
   rF:        It protects you from fire.
   Stlth:     It makes you more stealthy.
Missiles
 f - 42 poisoned darts (quivered)
 t - 2 throwing nets
Armour
 b - a +0 leather armour (worn)
 c - the cursed +2 helmet "Oscillating Fan" (worn) {Fort, Alch}

   It has a curse which improves the following skills: Fortitude: Armour and
   Shields.
   Alchemy:   Poison Magic and Transmutations.
Jewellery
 o - a +6 ring of intelligence (left hand)
 s - a ring of positive energy
Wands
 d - a wand of flame (26)
 u - a wand of iceblast (10)
Scrolls
 e - 3 scrolls of magic mapping
 g - 5 scrolls of teleportation
 i - a scroll of fear
 k - 7 scrolls of identify
 m - a scroll of vulnerability
 v - 2 scrolls of amnesia
 w - a scroll of enchant armour
Potions
 j - 3 potions of attraction
 n - 3 potions of curing
 p - 2 potions of brilliance
 q - a potion of might
 r - 2 potions of heal wounds
 x - 2 potions of flight


   Skills:
 + Level 5.8(6.8) Fighting
 + Level 3.4 Short Blades
 + Level 7.4 Long Blades
 + Level 3.4 Axes
 + Level 3.4 Maces & Flails
 + Level 3.4 Polearms
 + Level 3.4 Staves
 + Level 3.4 Slings
 + Level 3.4 Bows
 + Level 3.4 Crossbows
 + Level 5.8 Throwing
 + Level 3.4(4.3) Armour
 + Level 7.4 Dodging
 + Level 3.4 Stealth
 + Level 3.4(4.3) Shields
 + Level 3.4 Unarmed Combat
 + Level 3.4(4.3) Spellcasting
 + Level 2.8 Conjurations
 + Level 2.8 Hexes
 + Level 2.8 Summonings
 + Level 2.8 Necromancy
 + Level 2.8 Translocations
 + Level 2.8(4.2) Transmutations
 + Level 2.8 Fire Magic
 + Level 2.8 Ice Magic
 + Level 2.8 Air Magic
 + Level 2.8 Earth Magic
 + Level 2.8(4.2) Poison Magic
 + Level 3.8 Invocations
 + Level 3.4 Evocations


You had 15 spell levels left.
You didn't know any spells.
Your spell library contained the following spells:

 Spells                   Type           Power      Damage    Failure   Level
 Passwall                 Tmut/Erth      10%        N/A       8%          2
 Swiftness                Air            11%        N/A       21%         3
 Invisibility             Hex            5%         N/A       100%        6


Dungeon Overview and Level Annotations

Branches:
Dungeon (7/15)             Temple (1/1) D:5

Altars:
Ashenzari
Dithmenos
Elyvilon
Gozag
Hepliaklqana
Kikubaaqudgha
Makhleb
Nemelex Xobeh
Okawaru
Qazlal
Sif Muna
Trog
Uskayaw
Vehumet
Xom
Yredelemnul
Zin
The Shining One

Shops:
D:1 (   D:4 *

Annotations:
D:5 ice vault


Innate Abilities, Weirdness & Mutations

You have very sharp teeth.
Your uncanny sense of smell can sniff out nearby items.
Your experience applies equally to all skills.


Message History

Unknown command.
The bullfrog croaks.
You hit the steam dragon. Your bite misses the steam dragon.
The steam dragon is moderately wounded.
The steam dragon bites you. The steam dragon closely misses you.
You completely miss the steam dragon.
The steam dragon is moderately wounded.
The steam dragon bites you.
The steam dragon claws you but does no damage.
You closely miss the steam dragon.
The steam dragon is moderately wounded.
The steam dragon bites you. The steam dragon claws you.
You are too injured to fight recklessly!
You are too injured to fight recklessly!
You are too injured to fight recklessly!
You are too injured to fight recklessly!
You are too injured to fight recklessly!
You are too injured to fight recklessly!
You are too injured to fight recklessly!
You are too injured to fight recklessly!
You slash the steam dragon!
The steam dragon is heavily wounded.
The steam dragon breathes steam at you. The ball of steam hits you!!
The steam dragon breathes steam at you. The ball of steam misses you.
You slash the steam dragon! Your bite misses the steam dragon.
The steam dragon is almost dead.
You are engulfed in a cloud of scalding steam.
* * * LOW HITPOINT WARNING * * *
The steam dragon bites you!
* * * LOW HITPOINT WARNING * * *
The steam dragon closely misses you.
You hit the steam dragon.
The steam dragon is almost dead.
You are engulfed in a cloud of scalding steam.
* * * LOW HITPOINT WARNING * * *
The steam dragon breathes steam at you. The ball of steam hits you!
You die...

## .. ##.######
#.FD@.§.###
#....#####...#
...
#.#.###########
.
#.#...........#
#.###########.#
#.# #.. ∆ ..#
### ###


You could see a steam dragon (catching breath) and a bullfrog.

Vanquished Creatures
  6 ogres
  A black bear (D:4)
  A centaur (D:6)
  2 bullfrogs
  2 water moccasin skeletons (D:5)
  A centaur zombie (D:5)
  A gnoll shaman (D:5)
  An orc priest (D:5)
  2 bullfrog skeletons (D:6)
  2 orc wizards
  A hound skeleton (D:5)
  2 howler monkey zombies (D:5)
  10 gnolls
  An adder (D:4)
  A shadow imp (D:6)
  A white imp (D:5)
  An ufetubus (D:6)
  A worm (D:4)
  4 dart slugs
  6 orcs
  6 ball pythons
  6 endoplasms
  5 giant cockroaches
  6 goblins
  7 hobgoblins
  8 jackals
  11 kobolds
  A quokka (D:1)
  6 bats
  4 frilled lizards
  4 rats
111 creatures vanquished.

Notes
Turn   | Place    | Note
-------+----------+-------------------------------------------
     0 | D:1      | sixthgate the Gnoll Gladiator began the quest for the Orb.
     0 | D:1      | Reached XP level 1. HP: 20/20 MP: 1/1
   112 | D:1      | Reached XP level 2. HP: 15/26 MP: 2/2
   421 | D:1      | Reached XP level 3. HP: 12/31 MP: 3/3
   943 | D:1      | Found Wueth's Antique Weapon Shop.
  1071 | D:1      | Reached skill level 1 in Invocations
  1343 | D:2      | Reached skill level 1 in Short Blades
  1343 | D:2      | Reached skill level 1 in Axes
  1343 | D:2      | Reached skill level 1 in Maces & Flails
  1343 | D:2      | Reached skill level 1 in Polearms
  1343 | D:2      | Reached skill level 1 in Staves
  1343 | D:2      | Reached skill level 1 in Slings
  1343 | D:2      | Reached skill level 1 in Bows
  1343 | D:2      | Reached skill level 1 in Crossbows
  1343 | D:2      | Reached skill level 1 in Armour
  1343 | D:2      | Reached skill level 1 in Stealth
  1343 | D:2      | Reached skill level 1 in Shields
  1343 | D:2      | Reached skill level 1 in Unarmed Combat
  1343 | D:2      | Reached skill level 1 in Spellcasting
  1343 | D:2      | Reached skill level 1 in Evocations
  2028 | D:3      | Reached XP level 4. HP: 31/38 MP: 5/5
  2219 | D:3      | Found a stormy altar of Qazlal.
  2292 | D:3      | Found an ancient bone altar of Kikubaaqudgha.
  2643 | D:3      | Found a hide-covered altar of Uskayaw.
  2746 | D:3      | Noticed an ogre
  2759 | D:3      | Killed an ogre
  2760 | D:3      | Reached skill level 1 in Conjurations
  2760 | D:3      | Reached skill level 1 in Hexes
  2760 | D:3      | Reached skill level 1 in Summonings
  2760 | D:3      | Reached skill level 1 in Necromancy
  2760 | D:3      | Reached skill level 1 in Translocations
  2760 | D:3      | Reached skill level 1 in Transmutations
  2760 | D:3      | Reached skill level 1 in Fire Magic
  2760 | D:3      | Reached skill level 1 in Ice Magic
  2760 | D:3      | Reached skill level 1 in Air Magic
  2760 | D:3      | Reached skill level 1 in Earth Magic
  2760 | D:3      | Reached skill level 1 in Poison Magic
  2760 | D:3      | Reached XP level 5. HP: 13/43 MP: 5/7
  3221 | D:4      | Found a glowing golden altar of the Shining One.
  3221 | D:4      | You fall into a shaft and drop 1 floor!
  3221 | D:5      | Entered Level 5 of the Dungeon
  3244 | D:5      | Reached XP level 6. HP: 35/50 MP: 8/8
  3383 | D:5      | Reached skill level 5 in Fighting
  3383 | D:5      | Reached skill level 5 in Throwing
  3475 | D:5      | Found a staircase to the Ecumenical Temple.
  3485 | Temple   | Entered the Ecumenical Temple
  3545 | Temple   | Became a worshipper of Ashenzari the Shackled
  3699 | D:5      | Reached XP level 7. HP: 39/56 MP: 10/10
  4812 | D:4      | Reached XP level 8. HP: 40/63 MP: 12/12
  4998 | D:4      | Found Mesche's Assorted Antiques.
  5345 | D:1      | Bought a jewelled rapier for 252 gold pieces
  5345 | D:1      | Identified the +0 rapier of Freezing Gallantry {freeze, rF+
                  | Stlth+} (You bought it in a shop on level 1 of the Dungeon)
  6075 | D:6      | Identified the +0 ring mail of Xaotsot {Rampage Int-4 Dex+2
                  | Stlth+}
  6909 | D:7      | Reached * piety under Ashenzari
  6916 | D:7      | Killed from afar by a steam dragon

Illustrated notes

Levels and vault maps discovered:
D:1:      lemuel_arrival_lava_pool, layout_rooms, serial_shops,
          nicolae_shop_crystal
D:2:      layout_basic
D:3:      layout_loops_ring, lemuel_doored_altar, grunt_qazlal_sundering,
          nicolae_kikubaaqudgha_miasma_corner, st_stairs_11, patterned_corridor
D:4:      layout_rooms, tso_altar, serial_shops, shop, minivault_14
D:5:      lemuel_ice_spiral_2, layout_basic, minmay_temple_entry_butterflies
D:6:      layout_rooms, kennysheep_nondescript, kennysheep_pointless_box,
          chequers_serial_rivers_large_a, minivault_25, kennysheep_dice
D:7:      layout_loops_ring, mainiacjoe_overflow_cross_hatched,
          mainiacjoe_overflow_surrounded_room, nicolae_ru_awakened_eye
Temple:   regret_index_temple_waves

Skill      XL: |  1  2  3  4  5  6  7  8 |
---------------+-------------------------+-----
Invocations    | 1 2 3 |  3.8
Short Blades   | 1 2 3 |  3.4
Axes           | 1 2 3 |  3.4
Maces & Flails | 1 2 3 |  3.4
Polearms       | 1 2 3 |  3.4
Staves         | 1 2 3 |  3.4
Slings         | 1 2 3 |  3.4
Bows           | 1 2 3 |  3.4
Crossbows      | 1 2 3 |  3.4
Armour         | 1 2 3 |  3.4
Stealth        | 1 2 3 |  3.4
Shields        | 1 2 3 |  3.4
Unarmed Combat | 1 2 3 |  3.4
Spellcasting   | 1 2 3 |  3.4
Evocations     | 1 2 3 |  3.4
Conjurations   | 1 2 |  2.8
Hexes          | 1 2 |  2.8
Summonings     | 1 2 |  2.8
Necromancy     | 1 2 |  2.8
Translocations | 1 2 |  2.8
Transmutations | 1 2 |  2.8
Fire Magic     | 1 2 |  2.8
Ice Magic      | 1 2 |  2.8
Air Magic      | 1 2 |  2.8
Earth Magic    | 1 2 |  2.8
Poison Magic   | 1 2 |  2.8
Fighting       | 5 |  5.8
Throwing       | 5 |  5.8
Long Blades    | 7 |  7.4
Dodging        | 7 |  7.4

Action                   |  1- 3 |  4- 6 |  7- 9 || total
-------------------------+-------+-------+-------++-------
Melee: Long sword        |   113 |    63 |   158 ||   334
       Bite              |    17 |    12 |    19 ||    48
       Dagger            |       |     5 |       ||     5
       Punch             |       |     1 |     3 ||     4
Throw: Throwing net      |     1 |     5 |       ||     6
       Dart              |       |     3 |    40 ||    43
Invok: Curse Item        |       |       |     2 ||     2
  Use: Scroll            |       |       |     2 ||     2
       Potion            |       |       |     1 ||     1
 Stab: Sleeping          |       |     2 |       ||     2
       Held in net/web   |       |     2 |       ||     2
       Distracted        |       |     1 |       ||     1
Armor: Leather armour    |    39 |     8 |    32 ||    79
Dodge: Dodged            |   136 |    34 |   145 ||   315
       Rpst.: Long sword |    39 |    13 |    39 ||    91
